 Dungeon Crawl Stone Soup version 0.29.1-15-g9cfb28693d (webtiles) character file.

Game seed: 15022722631631830428

896 tizbic2 the Magician (level 8, -6/40 HPs)
             Began as a Vine Stalker Air Elementalist on Apr 23, 2023.
             Was a Follower of Sif Muna.
             Succumbed to a scorpion's poison
             ... on level 5 of the Dungeon.
             The game lasted 00:16:11 (3427 turns).

tizbic2 the Magician (VSAE)                         Turns: 3427, Time: 00:16:12

Health: -6/40      AC:  3    Str: 10    XL:     8   Next: 7%
Magic:  7/26       EV: 12    Int: 17    God:    Sif Muna [*.....]
Gold:   212        SH:  0    Dex: 16    Spells: 14/17 levels left

rFire   + . .      SeeInvis .   C - +7 dagger of Armageddon {elec, rPois Stlth+}
rCold   . . .      Faith    .   (no shield)
rNeg    . . .      Spirit   +   a - +0 robe
rPois   +          Reflect  +   (no helmet)
rElec   .          Harm     .   (no cloak)
rCorr   .          Rampage  .   d - +0 pair of gloves
Will    +....                   (no boots)
Stlth   ++........              g - amulet of reflection
HPRegen 0.93/turn               e - ring of magical power
MPRegen 0.20/turn               p - ring of protection from fire

@: confused, lethally poisoned (-6 -> -20), ambrosia-drunk
A: fangs 3, regeneration 1, magic shield, antimagic bite, no potion heal 2
a: Renounce Religion, Channel Magic


You were on level 5 of the Dungeon.
You worshipped Sif Muna.
Sif Muna was aware of your devotion.
You visited 2 branches of the dungeon, and saw 6 of its levels.

You collected 212 gold pieces.

Inventory:

Hand Weapons
 j - a +2 vorpal hand axe
 m - a +0 war axe
 u - a +1 vampiric hand axe
 C - the +7 dagger of Armageddon (weapon) {elec, rPois Stlth+}
   (You found it on level 3 of the Dungeon)

   It occasionally discharges a powerful burst of electricity upon striking a
   foe.
   rPois:     It protects you from poison.
   Stlth:     It makes you more stealthy.
Missiles
 v - 2 throwing nets
 y - 2 poisoned darts
 z - 3 javelins
 A - 5 silver javelins
 G - 6 curare-tipped darts
Armour
 a - a +0 robe (worn)
 c - a +0 ring mail
 d - a +0 pair of gloves (worn)
 l - a +0 chain mail
Jewellery
 e - a ring of magical power (left hand)
 g - an amulet of reflection (around neck)
 p - a ring of protection from fire (right hand)
Wands
 B - a wand of polymorph (8)
 E - a wand of flame (20)
Scrolls
 f - a scroll of enchant weapon {unknown}
 i - a scroll of summoning {unknown}
 q - a scroll of brand weapon {unknown}
 r - a scroll of silence {unknown}
 s - a scroll of magic mapping
 w - a scroll of amnesia {unknown}
 x - a scroll of vulnerability {unknown}
Potions
 b - 3 potions of magic
 h - a potion of berserk rage
 k - 4 potions of curing {unknown}
 n - a potion of lignification
 o - a potion of might
 t - a potion of attraction
 F - a potion of heal wounds {unknown}


   Skills:
 + Level 3.2 Fighting
 * Level 4.0 Axes
 - Level 1.5 Dodging
 - Level 2.4 Stealth
 * Level 5.4 Spellcasting
 - Level 1.0 Conjurations
 + Level 5.1 Air Magic


You had 14 spell levels left.
You knew the following spells:

 Your Spells              Type           Power      Damage    Failure   Level
a - Shock                 Conj/Air       60%        1d6       3%          1
b - Static Discharge      Conj/Air       15%        3-5/arc   6%          2

Your spell library contained the following spells:

 Spells                   Type           Power      Damage    Failure   Level
 Swiftness                Air            22%        N/A       4%          3
 Airstrike                Air            11%        2d(2-18)  16%         4


Dungeon Overview and Level Annotations

Branches:
Dungeon (5/15)             Temple (1/1) D:4

Altars:
Fedhas
Hepliaklqana
Kikubaaqudgha
Nemelex Xobeh
Okawaru
Qazlal
Ru
Sif Muna
Wu Jian
Zin


Innate Abilities, Weirdness & Mutations

You have razor-sharp teeth.
Your natural rate of healing is unusually fast.
When hurt, damage is shared between your health and your magic reserves.
Your bite disrupts and absorbs the magic of your enemies.
Potions cannot restore your health.


Message History

You are struck by an arc of lightning.
* * * LOW HITPOINT WARNING * * *
The lightning grounds out.
The iguana bites you.
* * * LOW HITPOINT WARNING * * *
You have reached level 8!
You feel agile.
Your teeth grow very long and razor-sharp.
You hit the iguana. Lightning courses through the iguana!
You kill the iguana!
Sif Muna accepts your kill.
The scorpion stings you but does no damage.
Your Axes skill increases to level 4!
Your unstable footing causes you to fumble your attack.
You block the scorpion's attack.
You closely miss the scorpion. The scorpion stings you.
* * * LOW HITPOINT WARNING * * *
The scorpion stings you but does no damage.
You hit the scorpion. Your bite misses the scorpion.
The scorpion is lightly wounded.
The scorpion barely misses you.
An iguana comes into view.
The iguana hisses angrily.
You hit the scorpion but do no damage.
The scorpion is lightly wounded.
The scorpion misses you.
Your unstable footing causes you to fumble your attack.
The scorpion stings you.
* * * LOW HITPOINT WARNING * * *
You are lethally poisoned!
The scorpion poisons you!
Your magical contamination has completely faded away.
You are confused.
Your system rejects the healing.
You feel invigorated.
* * * LOW HITPOINT WARNING * * *
You feel very sick. The scorpion barely misses you.
The scorpion attacks as you move away! The scorpion stings you.
You are more poisoned.
The scorpion poisons you!
You die...

# #..# >.. # #..+ ### #..
###.## #.# #.#
.....###.########$#
###.........)..##.####.#...
# ##.###.#####)##..........
# #.# #.# #......)###.....
# #.# ### #.#...~)..l..~..
# #.# #.#~~@)s.[...~~# ..#
##~~......~~~~~. ###
#≈≈≈≈≈~.)~~~.~~~≈≈
##≈≈≈≈≈≈≈.≈~~~~~.≈
###......~..~~.~.
#..#......~~.~..
#.##...####.....
.###......### ....
..........o?+


You could see a scorpion and an iguana.

Vanquished Creatures
  The ghost of croobank the Firebug, an amateur DsFE (D:4)
  A scorpion (D:4)
  A wyvern skeleton (D:4)
  A centaur zombie (D:4)
  A jelly (D:4)
  A bullfrog zombie (D:4)
  2 hounds (D:4)
  An orc priest (D:5)
  Ijyb (D:3)
  2 iguanas (D:5)
  Natasha (thrice) (D:3)
  3 orc wizards
  A killer bee zombie (D:4)
  4 gnolls (D:4)
  3 adders
  An ufetubus (D:4)
  5 dart slugs
  12 orcs
  8 ball pythons
  6 endoplasms
  6 giant cockroaches
  6 goblins
  3 hobgoblins
  4 quokkas
  2 bats
  3 frilled lizards
  4 kobolds
  9 rats
95 creatures vanquished.

Notes
Turn   | Place    | Note
-------+----------+-------------------------------------------
     0 | D:1      | tizbic2 the Vine Stalker Air Elementalist began the quest
                  | for the Orb.
     0 | D:1      | Reached XP level 1. HP: 9/9 MP: 4/4
   126 | D:1      | Found a faded altar of an unknown god.
   134 | D:1      | Reached XP level 2. HP: 14/14 MP: 1/6
   454 | D:1      | Reached XP level 3. HP: 15/17 MP: 7/7
   468 | D:1      | Learned a level 2 spell: Static Discharge
   571 | D:1      | Reached skill level 1 in Fighting
  1336 | D:3      | Gained mutation: Your natural rate of healing is unusually
                  | fast. [Vine Stalker growth]
  1336 | D:3      | Reached XP level 4. HP: 22/22 MP: 8/9
  1538 | D:3      | Noticed Ijyb
  1546 | D:3      | Killed Ijyb
  1573 | D:3      | Noticed Natasha
  1580 | D:3      | Killed Natasha
  1581 | D:3      | Reached skill level 1 in Axes
  1581 | D:3      | Reached XP level 5. HP: 24/26 MP: 10/10
  1646 | D:3      | Noticed Natasha
  1658 | D:3      | Killed Natasha
  1861 | D:3      | Noticed Natasha
  1864 | D:3      | Identified the +7 dagger of Armageddon {elec, rPois Stlth+}
  1872 | D:3      | Killed Natasha
  2300 | D:4      | Reached XP level 6. HP: 5/30 MP: 0/12
  2603 | D:4      | Found a staircase to the Ecumenical Temple.
  2683 | Temple   | Entered the Ecumenical Temple
  2931 | Temple   | Became a worshipper of Sif Muna the Loreminder
  3163 | D:4      | Found a runed translucent gate.
  3163 | D:4      | Found a runed translucent gate.
  3163 | D:4      | Found a runed translucent gate.
  3166 | D:4      | Noticed croobank's ghost (amateur DsFE)
  3184 | D:4      | Killed croobank's ghost
  3185 | D:4      | Reached XP level 7. HP: 32/35 MP: 6/15
  3196 | D:4      | Reached skill level 5 in Spellcasting
  3237 | D:4      | Reached skill level 5 in Air Magic
  3317 | D:5      | Entered Level 5 of the Dungeon
  3419 | D:5      | Reached * piety under Sif Muna
  3420 | D:5      | Gained mutation: You have razor-sharp teeth. [Vine Stalker
                  | growth]
  3420 | D:5      | Reached XP level 8. HP: 3/40 MP: 1/17
  3426 | D:5      | HP: 1/40 [poisoned by a scorpion]
  3427 | D:5      | Succumbed to a scorpion's poison

Illustrated notes

Levels and vault maps discovered:
D:1:      onia_arrival_handbag, layout_rooms, ebering_ecumenical_altar_webs
D:2:      layout_basic, st_stairs_7
D:3:      layout_loops_ring, st_stairs_10, uniq_ijyb, uniq_natasha
D:4:      nicolae_BIG_FREAKIN_CUBE, layout_loops_ring,
          minmay_temple_entry_mini_moons, gammafunk_ghost_necromancy,
          hangedman_minor_gate_pass
D:5:      layout_loops_corners, cheibriados_altar_1, gammafunk_ghost_hive,
          serial_rivers, chequers_serial_rivers_large_b,
          chequers_serial_rivers_small_3, chequers_serial_rivers_small_3,
          chequers_serial_rivers_room_a, chequers_serial_rivers_marsh
Temple:   dpeg_chambers_temple

Skill      XL: |  1  2  3  4  5  6  7  8 |
---------------+-------------------------+-----
Fighting       | 1 2 3 |  3.2
Air Magic      | 4 5 |  5.1
Spellcasting   | 3 4 5 |  5.4
Axes           | 1 3 4 |  4.0
Dodging        | |  1.5
Stealth        | |  2.4
Conjurations   | |  1.0

Action                   |  1- 3 |  4- 6 |  7- 9 || total
-------------------------+-------+-------+-------++-------
Melee: Unarmed           |     4 |       |       ||     4
       Dagger            |     7 |    30 |    31 ||    68
       Bite              |     4 |    10 |     5 ||    19
       Hand axe          |    12 |    21 |       ||    33
       War axe           |     4 |     3 |       ||     7
       Punch             |       |     1 |     1 ||     2
 Cast: Shock             |    56 |    33 |     8 ||    97
       Static Discharge  |     5 |    19 |     4 ||    28
  Use: Scroll            |       |     1 |     5 ||     6
       Potion            |       |       |     1 ||     1
 Stab: Sleeping          |     3 |     3 |     1 ||     7
Armor: Robe              |    10 |    14 |     8 ||    32
       Skin              |       |     2 |       ||     2
Dodge: Dodged            |    24 |    49 |    22 ||    95
Block: Other             |     4 |    19 |     8 ||    31
